Map: Moondance

Players

Has

  • Race: Protoss Protoss
  • Spawn Location: 12:00

Kelazhur - Winner!

  • Race: Terran Terran
  • Spawn Location: 6:00

Event: DreamHack SC2 Masters 2022 Atlanta (Offline)

VOD

Have the link to the VOD?

Description

Time

  • Played on: Nov. 18, 2022, 6:11 p.m.
  • Length: 5:02

All games in this series

Show
View Real Time Build Order
Export as new Build Order

Has Protoss 

Build Orders: Phoenix Opening, Proxy Void Ray 

Get SALT Encoding   

  12  0:07  Pylon  
  12  0:12  Probe  
  13  0:25  Gateway  
  13  0:29  Probe (Chrono Boost)  
  14  0:39  Probe (Chrono Boost)  
  14  0:40  Assimilator  
  15  0:44  Probe (Chrono Boost)  
  16  0:56  Probe  
  17  0:57  Assimilator  
  17  1:08  Probe  
  18  1:12  Cybernetics Core  
  18  1:15  Zealot  
  20  1:23  Pylon  
  20  1:27  Probe  
  21  1:39  Probe  
  22  1:50  Stargate  
  22  1:54  Adept (Chrono Boost), Probe  
  25  2:06  Shield Battery  
  25  2:15  Shield Battery  
  25  2:17  Probe  
  31  2:38  Void Ray (Chrono Boost)  
  30  3:09  Nexus  
  30  3:22  Pylon  
  30  3:24  Phoenix (Chrono Boost)  
  31  3:34  Pylon  
  31  3:40  Probe  
  36  3:52  Void Ray  
  36  3:56  Probe  
  37  4:07  Gateway  
  37  4:13  Probe  
  38  4:18  Gateway  
  38  4:20  Probe  
  39  4:33  Shield Battery  
Show
View Real Time Build Order
Export as new Build Order

Kelazhur Terran - Winner!

Build Orders: Cyclone Opening 

Get SALT Encoding   

  12  0:00  SCV  
  13  0:12  SCV  
  14  0:16  Supply Depot  
  14  0:24  SCV  
  15  0:38  SCV  
  15  0:39  Barracks  
  16  0:44  Refinery  
  16  0:50  SCV  
  16  0:51  Refinery  
  17  1:02  SCV  
  18  1:14  SCV  
  19  1:26  Reaper, Orbital Command  
  19  1:27  Supply Depot  
  20  1:40  Factory  
  20  1:53  SCV  
  21  1:58  Barracks Reactor  
  21  2:05  SCV  
  22  2:17  SCV  
  23  2:24  Factory Tech Lab  
  23  2:28  Bunker  
  23  2:29  SCV  
  24  2:35  Marine x2  
  26  2:40  Supply Depot  
  26  2:42  Cyclone  
  30  2:44  SCV  
  30  2:55  Marine  
  31  3:01  Marine  
  32  3:06  SCV  
  33  3:14  Cyclone  
  36  3:21  Starport  
  36  3:22  Supply Depot  
  36  3:23  Marine x2  
  38  3:30  SCV  
  39  3:35  Bunker  
  39  3:43  Marine x2  
  39  3:48  Cyclone  
  43  3:52  SCV  
  44  3:57  Supply Depot  
  44  3:58  Supply Depot  
  44  4:01  Viking  
  45  4:02  Marine  
  45  4:03  Marine  
  47  4:19  Supply Depot  
  47  4:20  Marine x2  
  47  4:22  Cyclone  
  52  4:38  Marine x2  
Tags
 
Add a new tag
Caveats
  • Supply blocks, unpowered buildings, or Contaminate may cause inaccurate times.
  • Supply counts are checked every 10 seconds.